 Dungeon Crawl Stone Soup version 0.29-a0-72-g1732ff48e7 (webtiles) character file.

Game seed: 8890353330771030842

109 belegose the Slasher (level 4, -2/41 HPs)
             Began as a Gnoll Cinder Acolyte on Feb 3, 2022.
             Was a High Priest of Ignis.
             Slain by a gnoll (6 damage)
             ... on level 3 of the Dungeon.
             The game lasted 00:05:02 (3615 turns).

belegose the Slasher (Gnoll Cinder Acolyte)         Turns: 3615, Time: 00:05:03

Health: -2/41      AC:  2    Str: 13    XL:     4   Next: 90%
Magic:  8/8        EV: 11    Int: 13    God:    Ignis [*****.]
Gold:   111        SH:  0    Dex: 10    Spells: 9/9 levels left

rFire   + . .      SeeInvis .   j - +2 rapier (flame)
rCold   . . .      Faith    .   (no shield)
rNeg    . . .      Spirit   .   b - +0 robe
rPois   .          Reflect  .   (no helmet)
rElec   .          Harm     .   (no cloak)
rCorr   .          Rampage  .   (no gloves)
Will    .....                   (no boots)
Stlth   +.........              (no amulet)
HPRegen 0.13/turn               (no ring)
MPRegen 0.11/turn               (no ring)

@: no status effects
A: fangs 1, strong nose, distributed training
a: Renounce Religion, Fiery Armour, Foxfire Swarm, Rising Flame


You were on level 3 of the Dungeon.
You worshipped Ignis.
Ignis was extremely pleased with you.
You visited 1 branch of the dungeon, and saw 3 of its levels.

You collected 111 gold pieces.

Inventory:

Hand Weapons
 a - a -1 falchion of flaming
 j - a +2 rapier of flaming (weapon)
Missiles
 d - 25 sling bullets
 e - 32 stones (quivered)
 n - 25 bolts
 r - 5 poisoned darts
Armour
 b - a +0 robe (worn)
Scrolls
 c - 2 scrolls of enchant weapon {unknown}
 f - 2 scrolls of fear {unknown}
 h - a scroll of enchant armour {unknown}
 k - 4 scrolls of identify {unknown}
 l - a scroll of noise {unknown}
 o - a scroll of holy word {unknown}
 q - a scroll of fog {unknown}
 s - a scroll of blinking {unknown}
Potions
 g - 2 potions of heal wounds {unknown}
 i - a potion of brilliance {unknown}
 m - 2 potions of lignification {unknown}
 p - a potion of flight {unknown}


   Skills:
 + Level 6.6 Fighting
 + Level 1.2 Short Blades
 + Level 6.6 Long Blades
 + Level 1.2 Axes
 + Level 1.2 Maces & Flails
 + Level 1.2 Polearms
 + Level 1.2 Staves
 + Level 1.2 Slings
 + Level 1.2 Bows
 + Level 1.2 Crossbows
 + Level 1.2 Throwing
 + Level 1.2 Armour
 + Level 1.2 Dodging
 + Level 1.2 Stealth
 + Level 1.2 Shields
 + Level 1.2 Unarmed Combat
 + Level 3.0 Spellcasting
 + Level 1.0 Conjurations
 + Level 1.0 Hexes
 + Level 1.0 Summonings
 + Level 1.0 Necromancy
 + Level 1.0 Translocations
 + Level 1.0 Transmutations
 + Level 5.5 Fire Magic
 + Level 1.0 Ice Magic
 + Level 1.0 Air Magic
 + Level 1.0 Earth Magic
 + Level 1.0 Poison Magic
 + Level 1.4 Invocations
 + Level 1.2 Evocations


You had 9 spell levels left.
You didn't know any spells.
Your spell library contained the following spells:

 Spells                   Type           Power      Damage    Failure   Level
 Scorch                   Fire           32%        2d6       3%          2


Dungeon Overview and Level Annotations

Branches:
Dungeon (3/15)

Altars:

Annotations:
D:3 2 transporters, Terence


Innate Abilities, Weirdness & Mutations

You have very sharp teeth.
Your uncanny sense of smell can sniff out nearby items.
Your experience applies equally to all skills.


Message History

The gnoll is heavily wounded.
The gnoll hits you with a +0 spear.
You barely miss the gnoll.
The gnoll is heavily wounded.
The gnoll closely misses you.
You barely miss the gnoll. You bite the gnoll, but do no damage.
The gnoll is heavily wounded.
The gnoll hits you with a +0 spear.
You hit the gnoll. You burn the gnoll.
You kill the gnoll!
Things that are here:
a +0 spear; a gnoll corpse A gnoll is nearby!
You start resting.
HP restored.
A gnoll is nearby!
The gnoll shouts!
The gnoll hits you from afar with a +0 spear.
The gnoll barely misses you.
You closely miss the gnoll. The gnoll hits you with a +0 spear.
You hit the gnoll. You burn the gnoll. Your bite misses the gnoll.
The gnoll is moderately wounded.
The gnoll closely misses you.
You hit the gnoll. You burn the gnoll.
The gnoll is severely wounded.
The gnoll hits you with a +0 spear! x2
You barely miss the gnoll.
The gnoll is severely wounded.
The gnoll barely misses you.
You closely miss the gnoll.
The gnoll is severely wounded.
The gnoll hits you with a +0 spear!
* * * LOW HITPOINT WARNING * * *
You closely miss the gnoll. You punch the gnoll, but do no damage.
Your bite misses the gnoll.
The gnoll is severely wounded.
The gnoll hits you with a +0 spear.
* * * LOW HITPOINT WARNING * * *
The gnoll hits you from afar with a +0 spear.
You die...

#.# #.# ####.#####
#........# #........#
#........# ## #........#
#.
####........###########.
........@................
.######...#############..
#.g.# #... ∆ #...# #>.#
#...# #..#
#...############..#
#.................#
###...#############.# #
#.)...............#..


You could see a gnoll.

Vanquished Creatures
  3 gnolls (D:3)
  2 adders (D:2)
  2 worms (D:2)
  A dart slug (D:2)
  5 endoplasms
  6 giant cockroaches
  6 hobgoblins
  2 jackals (D:2)
  3 quokkas
  6 ball pythons
  4 bats
  7 frilled lizards
  3 goblins
  4 kobolds
  2 rats
56 creatures vanquished.

Notes
Turn   | Place    | Note
-------+----------+-------------------------------------------
     0 | D:1      | belegose the Gnoll Cinder Acolyte began the quest for the
                  | Orb.
     0 | D:1      | Reached XP level 1. HP: 23/23 MP: 4/4
   294 | D:1      | Reached XP level 2. HP: 25/29 MP: 5/5
   386 | D:1      | Found a faded altar of an unknown god.
   998 | D:1      | Reached XP level 3. HP: 33/35 MP: 7/7
  1630 | D:2      | Reached skill level 1 in Invocations
  1756 | D:2      | Reached skill level 1 in Short Blades
  1756 | D:2      | Reached skill level 1 in Axes
  1756 | D:2      | Reached skill level 1 in Maces & Flails
  1756 | D:2      | Reached skill level 1 in Polearms
  1756 | D:2      | Reached skill level 1 in Staves
  1756 | D:2      | Reached skill level 1 in Slings
  1756 | D:2      | Reached skill level 1 in Bows
  1756 | D:2      | Reached skill level 1 in Crossbows
  1756 | D:2      | Reached skill level 1 in Throwing
  1756 | D:2      | Reached skill level 1 in Armour
  1756 | D:2      | Reached skill level 1 in Dodging
  1756 | D:2      | Reached skill level 1 in Stealth
  1756 | D:2      | Reached skill level 1 in Shields
  1756 | D:2      | Reached skill level 1 in Unarmed Combat
  1756 | D:2      | Reached skill level 1 in Evocations
  2142 | D:2      | Reached XP level 4. HP: 41/41 MP: 8/8
  2604 | D:3      | Found a transporter.
  2606 | D:3      | Found a transporter.
  2961 | D:3      | Reached skill level 1 in Conjurations
  2961 | D:3      | Reached skill level 1 in Hexes
  2961 | D:3      | Reached skill level 1 in Summonings
  2961 | D:3      | Reached skill level 1 in Necromancy
  2961 | D:3      | Reached skill level 1 in Translocations
  2961 | D:3      | Reached skill level 1 in Transmutations
  2961 | D:3      | Reached skill level 1 in Ice Magic
  2961 | D:3      | Reached skill level 1 in Air Magic
  2961 | D:3      | Reached skill level 1 in Earth Magic
  2961 | D:3      | Reached skill level 1 in Poison Magic
  2965 | D:3      | Noticed a kobold demonologist
  3389 | D:3      | Noticed Terence
  3615 | D:3      | Slain by a gnoll

Illustrated notes

Levels and vault maps discovered:
D:1:      nzn_arrival_depleted_hourglass, layout_loops_ring,
          shapermc_ecumenical_altar_pompeii
D:2:      layout_basic, minivault_11
D:3:      gammafunk_wand_slinger, layout_basic,
          mainiacjoe_overflow_cross_hatched, uniq_terence

Skill      XL: |  1  2  3  4 |
---------------+-------------+-----
Invocations    | 1 |  1.4
Short Blades   | 1 |  1.2
Axes           | 1 |  1.2
Maces & Flails | 1 |  1.2
Polearms       | 1 |  1.2
Staves         | 1 |  1.2
Slings         | 1 |  1.2
Bows           | 1 |  1.2
Crossbows      | 1 |  1.2
Throwing       | 1 |  1.2
Armour         | 1 |  1.2
Dodging        | 1 |  1.2
Stealth        | 1 |  1.2
Shields        | 1 |  1.2
Unarmed Combat | 1 |  1.2
Evocations     | 1 |  1.2
Spellcasting   | 3 |  3.0
Conjurations   | 1 |  1.0
Hexes          | 1 |  1.0
Summonings     | 1 |  1.0
Necromancy     | 1 |  1.0
Translocations | 1 |  1.0
Transmutations | 1 |  1.0
Ice Magic      | 1 |  1.0
Air Magic      | 1 |  1.0
Earth Magic    | 1 |  1.0
Poison Magic   | 1 |  1.0
Fighting       | |  6.6
Long Blades    | |  6.6
Fire Magic     | |  5.5

Action                   |  1- 3 |  4- 6 || total
-------------------------+-------+-------++-------
Melee: Falchion          |    39 |       ||    39
       Bite              |    14 |     5 ||    19
       Rapier            |    70 |    46 ||   116
       Punch             |     1 |     1 ||     2
Armor: Robe              |    14 |     7 ||    21
Dodge: Dodged            |    60 |    25 ||    85

Table legend: (Time is in decaauts)
 A = Elapsed time spent in this place.
 B = Non-inter-level travel time spent in this place.
 C = Inter-level travel time spent in this place.
 D = Time resting spent in this place.
 E = Time spent auto-exploring this place.
 F = Levels seen in this place.
 G = Mean time per level.
                   A        B        C        D        E       F      G
               +--------+--------+--------+--------+--------+-----+--------+
         Total |   3638 |   3304 |    334 |    237 |   2235 |   3 | 1212.7 |
       Dungeon |   3638 |   3304 |    334 |    237 |   2235 |   3 | 1212.7 |
               +--------+--------+--------+--------+--------+-----+--------+

Top non-repeatable levels by time:
     D:1: 1417 daAuts
     D:2: 1401 daAuts
     D:3: 820 daAuts
